Match 38153949
Unlisted

Match 38153949
End
Pioneer Squad
Construct Infanterie Kompanie
MG 42 Machine Gun Team
Grenadier Squad
Grenadier Squad
Medical Station
Grenadier Squad
Selects Breakthrough Battlegroup
Selects Assault Grenadiers
Selects Breakthrough
Grenadier Squad
Construct Panzergrenadier Kompanie
Selects Incendiary Bombing Run
Construct Panzer Kompanie
Selects Rapid Production
Side Skirts
Panzer IV Medium Tank
Kenan
BigTiddyLebron
D4nkCh4osG4mer
Natty Boh
0
0

Comments sign in to comment!

No comments posted yet!